 Dungeon Crawl Stone Soup version 0.19-a0-599-g723c685 (webtiles) character file.

2737 zero the Cleaver (level 9, -15/70 HPs)
             Began as a Minotaur Berserker on June 11, 2016.
             Was a High Priest of Trog.
             Demolished by an orc warrior
             ... wielding a +0 scimitar
              (19 damage)
             ... on level 9 of the Dungeon.
             The game lasted 00:06:01 (5980 turns).

zero the Cleaver (Minotaur Berserker)               Turns: 5980, Time: 00:06:02

Health: -15/70     AC:  9    Str: 29    XL:     9   Next: 40%
Magic:  8/8        EV:  9    Int:  2    God:    Trog [*****.]
Gold:   403        SH:  0    Dex:  9    Spells: 0 memorised, 8 levels left

rFire  + + .     SeeInvis .     z - +12 hand axe of Strategic Superiority {drain, +Inv}
rCold  + . .     Gourm    .     E - +1 chain mail {rF+}
rNeg   . . .     Faith    .     (no shield)
rPois  .         Spirit   .     (helmet restricted)
rElec  .         Dismiss  .     (no cloak)
rCorr  .         Reflect  .     (no gloves)
SustAt .         Harm     .     (no boots)
MR     ++...     Clarity  +     (no amulet)
Stlth  ..........               q - +3 ring of strength
                                v - ring of protection from cold

@: exhausted, regenerating, slowed, very slow, very resistant to hostile
enchantments, extremely unstealthy
A: retaliatory headbutt, horns 2, clarity, dopey 1, fire resistance 1
a: Berserk, Trog's Hand, Brothers in Arms, Burn Spellbooks, Renounce Religion,
Evoke Invisibility


You were on level 9 of the Dungeon.
You worshipped Trog.
Trog was extremely pleased with you.
You were very hungry.

You visited 1 branch of the dungeon, and saw 9 of its levels.

You collected 403 gold pieces.

Inventory:

Hand Weapons
 z - the +12 hand axe of Strategic Superiority (weapon) {drain, +Inv}
   (You found it on level 4 of the Dungeon)

   A truly terrible weapon, it drains the life of those it strikes.
   It lets you turn invisible.
 A - a +1 war axe of venom
Armour
 E - a +1 chain mail of fire resistance (worn)
Jewellery
 q - a +3 ring of strength (right hand)
 v - a ring of protection from cold (left hand)
 y - an uncursed ring of see invisible
 D - a +6 ring of dexterity {unknown}
Scrolls
 a - a scroll of blinking {unknown}
 b - a scroll of random uselessness {unknown}
 f - a scroll of recharging {unknown}
 k - 5 scrolls of remove curse {unknown}
 l - 3 scrolls of fog {unknown}
 m - 2 scrolls of enchant weapon {unknown}
 r - 4 scrolls of identify {unknown}
 s - 3 scrolls of teleportation {unknown}
 w - 4 scrolls of magic mapping {unknown}
 F - a scroll of enchant armour {unknown}
 H - a scroll of fear {unknown}
 I - a scroll of noise {unknown}
 J - 3 scrolls of immolation {unknown}
 M - 2 scrolls of vulnerability {unknown}
Potions
 e - a potion of haste {unknown}
 g - 2 potions of ambrosia {unknown}
 h - 5 potions of heal wounds {unknown}
 i - 2 potions of brilliance {unknown}
 j - 5 potions of curing {unknown}
 n - 3 potions of berserk rage {unknown}
 p - a potion of lignification {unknown}
 t - 3 potions of mutation
 x - 2 potions of agility {unknown}
 B - a potion of degeneration {unknown}
 C - a potion of flight {unknown}
 G - a potion of resistance {unknown}
 K - a potion of magic {unknown}
Comestibles
 c - 3 bread rations
 d - 3 meat rations
 o - 5 fruits
 L - a royal jelly


   Skills:
 - Level 3.6 Fighting
 + Level 14.9 Axes
 - Level 2.4 Armour
 - Level 2.1 Dodging


You had 8 spell levels left.
You didn't know any spells.

Dungeon Overview and Level Annotations

Branches:
Dungeon (9/15)             Temple (0/1) D:7
   Lair: D:8-11         Orc: D:9-12

Altars:
Ashenzari
Elyvilon
Xom


Innate Abilities, Weirdness & Mutations

You reflexively headbutt those who attack you in melee.
You have a pair of horns on your head.
You possess an exceptional clarity of mind.
You are dopey. (Int -2)
Your flesh is heat resistant. (rF+)


Message History

Your chain mail prevents you from hitting the orc warrior.
Your headbutt misses the orc warrior.
The orc warrior hits you with a scimitar!!
* * * LOW HITPOINT WARNING * * *
You feel a strong urge to attack something.
You feel your anger subside.
You are no longer berserk.
You are exhausted.
You feel yourself slow down.
You are feeling very hungry.
The orc cheers repeatedly, as Orcs often do.
Your skin crawls.
You feel resistant to hostile enchantments.
You feel quite a bit more hungry.
The orc warrior hits you with a scimitar!
* * * LOW HITPOINT WARNING * * *
It was a potion of mutation.
You feel extremely strange.
You feel stupid.
Your thoughts seem clearer.
You feel resistant to heat. The orc warrior closely misses you.
The orc warrior hits you with a scimitar!!
You die...

#. #†.# #.# #.##
###.####### ###'####
#.........# #.......
#.........####....... ###
#.........##.'.......
+...##.........##o#.......
#......oo....oo.#....>..
###<..@o..o.###########
###########


You could see 2 orc warriors and 4 orcs.

Vanquished Creatures
  A two-headed ogre (D:8)
  A hippogriff (D:7)
  An ice beast (D:5)
  7 ogres
  An orc warrior (D:9)
  A phantom (D:4)
  2 giant frogs
  3 scorpions
  5 killer bees (D:8)
  5 crimson imps
  A giant frog zombie (D:5)
  A jelly (D:5)
  A quasit (D:8)
  3 hounds
  An orc priest (D:4)
  2 iguanas
  Ijyb (D:3)
  3 orc wizards
  10 worker ants
  A hound skeleton (D:7)
  7 gnolls
  10 adders
  2 oozes
  An adder skeleton (D:5)
  2 worms
  2 dart slugs (D:1)
  5 giant geckos
  16 orcs
  4 ball pythons
  5 giant cockroaches
  6 hobgoblins
  4 jackals (D:5)
  2 quokkas (D:4)
  5 bats
  A giant gecko skeleton (D:4)
  11 giant newts
  2 goblins
  8 kobolds
  A quokka zombie (D:8)
  9 rats
154 creatures vanquished.

Vanquished Creatures (others)
  An orc (D:5)
  A quokka (D:5)
2 creatures vanquished.

Grand Total: 156 creatures vanquished

Notes
Turn   | Place    | Note
--------------------------------------------------------------
     0 | D:1      | zero the Minotaur Berserker began the quest for the Orb.
     0 | D:1      | Reached XP level 1. HP: 19/19 MP: 0/0
   200 | D:1      | Reached skill level 4 in Axes
   318 | D:1      | Reached XP level 2. HP: 18/26 MP: 1/1
   935 | D:2      | Reached skill level 5 in Axes
   955 | D:2      | Reached XP level 3. HP: 26/31 MP: 2/2
  1257 | D:2      | Reached ** piety under Trog
  1431 | D:3      | Reached skill level 6 in Axes
  1431 | D:3      | Reached XP level 4. HP: 37/39 MP: 3/3
  1521 | D:3      | Noticed Ijyb
  1528 | D:3      | Killed Ijyb
  1744 | D:3      | Reached *** piety under Trog
  1744 | D:3      | Reached skill level 7 in Axes
  1744 | D:3      | Reached XP level 5. HP: 45/45 MP: 4/4
  1844 | D:3      | Found a shimmering altar of Xom.
  2158 | D:4      | Noticed an ogre
  2165 | D:4      | Killed an ogre
  2165 | D:4      | Reached skill level 8 in Axes
  2165 | D:4      | Reached XP level 6. HP: 26/51 MP: 5/5
  2641 | D:4      | Got a twisted hand axe
  2642 | D:4      | Identified the +12 hand axe of Strategic Superiority {drain, +Inv} (You found it on level 4 of the Dungeon)
  2649 | D:4      | Reached skill level 9 in Axes
  3166 | D:4      | Reached XP level 7. HP: 37/57 MP: 6/6
  3312 | D:4      | Reached skill level 10 in Axes
  3503 | D:5      | Entered Level 5 of the Dungeon
  3687 | D:5      | Reached skill level 11 in Axes
  3842 | D:5      | Found a white marble altar of Elyvilon.
  3869 | D:5      | Reached XP level 8. HP: 64/64 MP: 7/7
  3879 | D:5      | Reached **** piety under Trog
  4224 | D:6      | Reached skill level 12 in Axes
  4697 | D:7      | Found a staircase to the Ecumenical Temple.
  5048 | D:7      | Reached skill level 13 in Axes
  5308 | D:8      | Found a shattered altar of Ashenzari.
  5450 | D:8      | Reached XP level 9. HP: 70/70 MP: 8/8
  5456 | D:8      | Reached skill level 14 in Axes
  5457 | D:8      | Reached ***** piety under Trog
  5979 | D:9      | HP: 2/70 [orc warrior/scimitar (9)]
  5980 | D:9      | Gained mutation: You are dopey. (Int -2) [potion of mutation]
  5980 | D:9      | Gained mutation: You possess an exceptional clarity of mind. [potion of mutation]
  5980 | D:9      | Gained mutation: Your flesh is heat resistant. (rF+) [potion of mutation]
  5980 | D:9      | Demolished by an orc warrior

Vault maps used:
D:1:      minmay_arrival_open_corners, minivault_24
D:3:      lemuel_coloured_pillars_altar, serial_bayou_pond_b,
          kennysheep_doodads, minmay_lizard_king, uniq_iyjb
D:4:      first_bread
D:5:      elyvilon_altar_4
D:7:      temple_doors_a
D:8:      basic_altar
D:9:      david_orc_5, serial_corexii_hall, corexii_hall_statues_t,
          corexii_hall_statues_deadend

Skill      XL: |  1  2  3  4  5  6  7  8  9 |
---------------+----------------------------+-----
Axes           | 4 5 6 7 8 9 11 13 14 | 14.9
Fighting       | |  3.6
Armour         | |  2.4
Dodging        | |  2.1

Action                   |  1- 3 |  4- 6 |  7- 9 || total
-------------------------+-------+-------+-------++-------
Melee: Hand axe          |    72 |    90 |   133 ||   295
       Headbutt          |    14 |    15 |    16 ||    45
Invok: Berserk           |       |     5 |     1 ||     6
       Burn Spellbooks   |       |       |     3 ||     3
       Trog's Hand       |       |       |     1 ||     1
  Use: Potion            |       |       |     1 ||     1
  Eat: Chunk             |     1 |     6 |     1 ||     8
       Pizza             |       |     1 |       ||     1
       Fruit             |       |     2 |       ||     2
       Beef jerky        |       |     1 |     2 ||     3
       Meat ration       |       |       |     1 ||     1
Armor: Animal skin       |     2 |       |       ||     2
       Scale mail        |    19 |    22 |    18 ||    59
       Chain mail        |       |       |    13 ||    13
Dodge: Dodged            |    41 |    38 |    49 ||   128
